 Dungeon Crawl Stone Soup version 0.20.1-1-g8b1a95d (webtiles) character file.

52 polve the Slasher (level 3, -1/19 HPs)
             Began as a Vine Stalker Fighter on July 25, 2017.
             Slain by a goblin
             ... wielding a +3 dagger of electrocution
              (7 damage)
             ... on level 2 of the Dungeon.
             The game lasted 00:01:46 (1464 turns).

polve the Slasher (Vine Stalker Fighter)            Turns: 1464, Time: 00:01:47

Health: -1/19      AC:  8    Str: 18    XL:     3   Next: 85%
Magic:  0/13       EV:  4    Int:  8    God:
Gold:   129        SH:  9    Dex: 14    Spells: 2/2 levels left

rFire    . . .     SeeInvis .   a - +0 long sword
rCold    + . .     Gourm    .   c - +0 shield
rNeg     . . .     Faith    .   o - +0 chain mail {rC+}
rPois    .         Spirit   +   (no helmet)
rElec    .         Reflect  .   (no cloak)
rCorr    .         Harm     .   (no gloves)
MR       .....                  (no boots)
Stlth    ..........             (no amulet)
Regen    0.1/turn               b - ring of magical power
MPRegen  0.2/turn               (no ring)

@: no status effects
A: fangs 2, magic shield, antimagic bite, no potion heal 3, rot immunity
a: no special abilities


You were on level 2 of the Dungeon.
You were not hungry.

You visited 1 branch of the dungeon, and saw 2 of its levels.

You collected 129 gold pieces.

Inventory:

Hand Weapons
 a - a +0 long sword (weapon)
Armour
 c - a +0 shield (worn)
 o - a +0 chain mail of cold resistance (worn)
Jewellery
 b - a ring of magical power (left hand)
Scrolls
 h - a scroll of recharging {unknown}
 i - 2 scrolls of identify {unknown}
 j - a scroll of fear {unknown}
 k - 3 scrolls of remove curse {unknown}
 n - a scroll of fog {unknown}
Potions
 d - a potion of might
 e - a potion of invisibility {unknown}
 g - 2 potions of haste {unknown}
 m - a potion of cancellation {unknown}
 p - a potion of curing {unknown}
Comestibles
 f - a bread ration
 l - 5 chunks of flesh


   Skills:
 - Level 2.6 Fighting
 + Level 3.6 Long Blades
 - Level 2.4 Armour
 - Level 2.6 Shields


You had 2 spell levels left.
You didn't know any spells.

Dungeon Overview and Level Annotations

Branches:
Dungeon (2/15)

Altars:


Innate Abilities, Weirdness & Mutations

You have extremely sharp teeth.
When hurt, damage is shared between your health and your magic reserves.
Your bite disrupts and absorbs the magic of your enemies.
Potions cannot restore your health.
You are immune to rotting.


Message History

Found a scroll labeled IGUWEZADUGG.
The goblin unwields an uncursed hunting sling.
The goblin wields an uncursed dagger of electrocution.
You hear the crackle of electricity.
The goblin hits you with an uncursed dagger of electrocution.
You are electrocuted!
* * * LOW HITPOINT WARNING * * *
You are too injured to fight recklessly!
A goblin is nearby!
A goblin is nearby!
A goblin is nearby!
You are too injured to fight recklessly!
You are too injured to fight recklessly!
Your chain mail prevents you from hitting the goblin.
You bite the goblin. You drain its power.
You feel invigorated.
The goblin is severely wounded.
The goblin hits you with an uncursed dagger of electrocution.
* * * LOW HITPOINT WARNING * * *
You are electrocuted!
You die...

#............... ..
...........#.[. .?.
#####..........#...
...##..............#...
#.#.............#...##
#........#....###..##
.###......(#..# #...#
........>..(..####...#
#...$.g@............####
#.##.............>......
#.....)........######
#.......######## #...
##.......# #...
##......# #### ##..#..#
# ......# #### +...


You could see a goblin.

Vanquished Creatures
  An ooze (D:2)
  A dart slug (D:1)
  3 leopard geckos
  9 goblins
  3 hobgoblins
  7 jackals
  5 kobolds
  4 bats
  2 frilled lizards
  2 rats (D:1)
37 creatures vanquished.

Notes
Turn   | Place    | Note
-------+----------+-------------------------------------------
     0 | D:1      | polve the Vine Stalker Fighter began the quest for the Orb.
     0 | D:1      | Reached XP level 1. HP: 11/11 MP: 2/2
    39 | D:1      | Reached skill level 2 in Long Blades
    66 | D:1      | Reached XP level 2. HP: 16/16 MP: 3/3
   638 | D:1      | Reached skill level 3 in Long Blades
   741 | D:1      | Reached XP level 3. HP: 19/19 MP: 4/4
  1464 | D:2      | Slain by a goblin

Skill      XL: |  1  2 |
---------------+-------+-----
Long Blades    | 2 3 |  3.6
Fighting       | |  2.6
Armour         | |  2.4
Shields        | |  2.6

Action                   || total
-------------------------++-------
Melee: Long sword        ||    98
       Bite              ||    30
  Eat: Chunk             ||     2
Armor: Scale mail        ||    33
       Chain mail        ||    13
Dodge: Dodged            ||    32
Block: Shield            ||    56
       Rpst.: Long sword ||     7
